 Dungeon Crawl Stone Soup version 0.25-a0-322-g3677130cb1 (webtiles) character file.

Game seed: 10571657736975891711, levelgen mode: deterministic

159 Error4North the Blocker (level 5, -2/46 HPs)
             Began as a Hill Orc Fighter on Dec 27, 2019.
             Was an Initiate of Okawaru.
             Slain by Borgoz's ghost (4 damage)
             ... on level 3 of the Dungeon.
             The game lasted 00:07:53 (1413 turns).

Error4North the Blocker (Hill Orc Fighter)          Turns: 1413, Time: 00:07:53

Health: -2/46      AC:  7    Str: 20    XL:     5   Next: 40%
Magic:  5/5        EV:  8    Int:  8    God:    Okawaru [......]
Gold:   103        SH: 11    Dex: 10    Spells: 5/5 levels left

rFire    . . .     SeeInvis .   a - +0 war axe
rCold    . . .     Gourm    .   c - +0 shield
rNeg     . . .     Faith    .   b - +0 scale mail
rPois    .         Spirit   .   (no helmet)
rElec    .         Reflect  .   (no cloak)
rCorr    .         Harm     .   (no gloves)
MR       .....                  (no boots)
Stlth    +.........             (no amulet)
HPRegen  0.15/turn              (no ring)
MPRegen  0.09/turn              (no ring)

@: no status effects
A: no striking features
a: Renounce Religion


You were on level 3 of the Dungeon.
You worshipped Okawaru.
Okawaru was noncommittal.
You were not hungry.

You visited 1 branch of the dungeon, and saw 3 of its levels.

You collected 103 gold pieces.

Inventory:

Hand Weapons
 a - a +0 war axe (weapon)
 e - a +0 spear of flaming
Missiles
 k - 127 stones
 l - 32 sling bullets
 r - 8 boomerangs (quivered)
Armour
 b - a +0 scale mail (worn)
 c - a +0 shield (worn)
Jewellery
 d - an uncursed ring of resist corrosion {unknown}
 g - a cursed amulet of inaccuracy {unknown}
 m - an uncursed ring of ice {unknown}
Wands
 x - a wand of acid (7)
Scrolls
 i - a scroll of fear {unknown}
 j - 5 scrolls of identify {unknown}
 p - a scroll of magic mapping {unknown}
 q - a scroll of teleportation {unknown}
 u - a scroll of remove curse {unknown}
Potions
 h - a potion of heal wounds
 n - 2 potions of curing {unknown}
 o - a potion of brilliance {unknown}
 s - a potion of might
 t - a potion of cancellation {unknown}
 w - a potion of ambrosia {unknown}
Comestibles
 f - 4 rations
 v - a chunk of flesh


   Skills:
 + Level 4.0 Fighting
 + Level 3.5 Axes
 * Level 4.0 Armour
 + Level 5.3 Stealth
 * Level 10.0 Shields
 * Level 0.5 Spellcasting


You had 5 spell levels left.
You didn't know any spells.
Your spell library was empty.

Dungeon Overview and Level Annotations

Branches:
Dungeon (3/15)

Altars:
Hepliaklqana
Okawaru
Sif Muna

Annotations:
D:3 Borgoz's ghost, amateur GrGl


Message History

* * * LOW HITPOINT WARNING * * *
You hit Borgoz's ghost but do no damage.
Borgoz's ghost is moderately damaged.
Borgoz's ghost hits you.
* * * LOW HITPOINT WARNING * * *
You closely miss Borgoz's ghost.
Borgoz's ghost is moderately damaged.
Borgoz's ghost barely misses you. You block Borgoz's ghost's attack.
You hit Borgoz's ghost but do no damage.
Borgoz's ghost is moderately damaged.
You block Borgoz's ghost's attack.
You closely miss Borgoz's ghost.
Borgoz's ghost is moderately damaged.
You block Borgoz's ghost's attack.
You closely miss Borgoz's ghost.
Borgoz's ghost is moderately damaged.
Borgoz's ghost hits you.
* * * LOW HITPOINT WARNING * * *
Borgoz's ghost hits you.
You die...

####........#######...
......................
####.#####.########...
## #...#####.### #...
...#.#.........# ####
...............#
####...########
##..#.....# #.@W≈≈≈≈$#
#...#.....#
......####### ########


You could see Borgoz's ghost.

Vanquished Creatures
  An adder (D:2)
  4 gnolls (D:2)
  3 oozes (D:1)
  A worm (D:3)
  A dart slug (D:1)
  3 giant cockroaches
  3 goblins
  5 hobgoblins
  9 jackals
  4 bats
  3 frilled lizards
  5 kobolds
  9 rats
51 creatures vanquished.

Notes
Turn   | Place    | Note
-------+----------+-------------------------------------------
     0 | D:1      | Error4North the Hill Orc Fighter began the quest for the
                  | Orb.
     0 | D:1      | Reached XP level 1. HP: 19/19 MP: 1/1
    59 | D:1      | Reached XP level 2. HP: 21/27 MP: 2/2
   321 | D:1      | Reached XP level 3. HP: 33/33 MP: 3/3
   581 | D:2      | Reached skill level 5 in Stealth
   581 | D:2      | Reached skill level 9 in Shields
   581 | D:2      | Reached XP level 4. HP: 3/40 MP: 4/4
   581 | D:2      | HP: 2/40 [gnoll/+0 club (1)]
   586 | D:2      | Reached skill level 10 in Shields
   586 | D:2      | Reached XP level 5. HP: 13/46 MP: 5/5
   963 | D:2      | Found an iron altar of Okawaru.
   978 | D:2      | Became a worshipper of Warmaster Okawaru
  1185 | D:3      | Found a shimmering blue altar of Sif Muna.
  1185 | D:3      | Found a hazy altar of Hepliaklqana.
  1387 | D:3      | Found a runed translucent door.
  1387 | D:3      | Noticed Borgoz's ghost (amateur GrGl)
  1413 | D:3      | HP: 2/46 [Borgoz's ghost (2)]
  1413 | D:3      | Slain by Borgoz's ghost

Levels and vault maps discovered:
D:1:      saegor_arrival_simple_a, layout_basic
D:2:      layout_rooms, okawaru_gym_becter
D:3:      layout_rooms, overflow_temple_1_default, xom_redecorated,
          chequers_temple_overflow_statue_of_worship,
          ebering_ghost_reflecting_pool

Skill      XL: |  1  2  3  4 |
---------------+-------------+-----
Axes           | 3 |  3.5
Fighting       | 4 |  4.0
Armour         | 4 |  4.0
Stealth        | 5 |  5.3
Shields        | 9 10 | 10.0
Spellcasting   | |  0.5

Action                   |  1- 3 |  4- 6 || total
-------------------------+-------+-------++-------
Melee: War axe           |    79 |    69 ||   148
Throw: Boomerang         |       |     7 ||     7
       Stone             |       |     1 ||     1
  Use: Potion            |     1 |     2 ||     3
  Eat: Chunk             |       |     2 ||     2
Armor: Scale mail        |    32 |    16 ||    48
Dodge: Dodged            |    14 |    24 ||    38
Block: Shield            |    43 |    58 ||   101

Table legend:
 A = Non-vault XP
 B = Vault XP
 C = Vault XP percentage of total XP
 D = Non-vault monster count
 E = Vault monster count
 F = Vault count percentage of total count
                 A         B        C        D         E       F
            +---------+---------+-------+---------+---------+-------
      Total |     162 |       0 |   0.0 |      51 |       0 |   0.0
            +---------+---------+-------+---------+---------+-------
        D:1 |      46 |       0 |   0.0 |      19 |       0 |   0.0
        D:2 |      97 |       0 |   0.0 |      23 |       0 |   0.0
        D:3 |      19 |       0 |   0.0 |       9 |       0 |   0.0
            +---------+---------+-------+---------+---------+-------
